Map: Curious Minds LE

Players

InfyGuro

  • Race: Terran Terran
  • League: Diamond
  • Spawn Location: 5:00

Zharghar - Winner!

  • Race: Protoss Protoss
  • League: Diamond
  • Spawn Location: 11:00

VOD

Have the link to the VOD?

Description

Time

  • Played on: June 24, 2022, 2:21 a.m.
  • Length: 15:38
Show
View Real Time Build Order
Export as new Build Order

InfyGuro Terran 

Build Orders:  

Get SALT Encoding   

  12  0:00  SCV  
  13  0:12  SCV  
  14  0:17  Supply Depot  
  14  0:24  SCV  
  15  0:39  SCV  
  15  0:41  Barracks  
  16  0:46  Refinery  
  16  0:51  SCV  
  17  1:03  SCV  
  18  1:15  SCV, Supply Depot  
  19  1:31  Reaper  
  19  1:32  Supply Depot, Orbital Command  
  20  1:49  Barracks  
  20  1:50  Refinery  
  20  1:59  SCV  
  21  2:03  Marine  
  22  2:12  SCV  
  23  2:17  Factory  
  23  2:20  Marine  
  24  2:24  SCV  
  25  2:38  Marine x2  
  25  2:40  Supply Depot  
  27  2:55  Marine, SCV  
  27  2:56  Marine  
  30  3:00  Factory Tech Lab  
  30  3:02  Supply Depot  
  30  3:04  Starport  
  30  3:09  SCV  
  31  3:15  Barracks Tech Lab  
  31  3:16  Marine  
  32  3:23  Siege Tank  
  35  3:29  SCV  
  36  3:34  Stimpack  
  36  3:36  Marine x2  
  38  3:41  Starport Reactor  
  38  3:48  Command Center  
  38  3:51  SCV  
  39  4:00  Barracks Tech Lab  
  39  4:03  Barracks  
  39  4:11  Engineering Bay  
  39  4:15  Widow Mine  
  41  4:18  Medivac  
  41  4:23  Medivac  
  45  4:27  Supply Depot  
  45  4:33  Marine  
  46  4:45  Missile Turret  
  45  4:48  Viking  
  45  4:50  Combat Shield  
  47  4:55  SCV  
  48  5:00  Barracks Reactor  
  48  5:04  Marine, Missile Turret  
  49  5:24  Marine  
  49  5:25  Refinery  
  49  5:26  Medivac  
  52  5:34  Orbital Command  
  52  5:37  Refinery  
  52  5:38  Marine x2  
  54  5:44  Terran Infantry Weapons Level 1  
  54  5:48  Marine  
  55  5:53  SCV  
  56  5:58  Marine  
  56  6:00  Supply Depot  
  57  6:04  Viking  
  57  6:05  SCV  
  60  6:15  Marine  
  60  6:17  Marine, SCV  
  63  6:22  Marine  
  63  6:24  Concussive Shells  
  64  6:26  Medivac  
  66  6:34  SCV, Missile Turret  
  66  6:37  Marine  
  66  6:38  Marine x2  
  70  6:42  Marine, SCV  
  72  6:55  Marine  
  72  6:56  Marine  
  72  6:57  Marauder  
  72  6:59  Medivac  
  78  7:13  Supply Depot  
  78  7:17  Supply Depot  
  78  7:35  Marine, SCV x2, Viking, Siege Tank  
  86  7:38  Supply Depot  
  86  7:39  Terran Infantry Armor Level 1, Marine x2  
  86  7:41  Marine  
  89  7:53  Marine  
  89  7:57  Marauder, Marine  
  93  8:00  Marauder  
  93  8:03  Barracks  
  95  8:09  Supply Depot  
  95  8:10  Marine  
  96  8:14  Marine, SCV  
  96  8:18  Marine  
  99  8:21  Marine  
  100  8:28  Marine  
  100  8:32  Command Center  
  101  9:00  Marauder, Marine  
  91  9:12  Marine  
  91  9:13  Marauder  
  91  9:16  Marine  
  82  9:17  Marine  
  82  9:21  Marauder  
  81  9:30  Marine  
  79  9:33  Marine  
  79  9:34  Marine  
  79  9:35  Marine  
  74  9:42  Marine  
  69  9:48  Marine  
  69  9:51  Marine, Viking x2  
  69  9:52  Marine  
  76  9:53  Marine  
  77  10:01  Marauder  
  77  10:03  Orbital Command  
  77  10:05  Marine  
  80  10:10  Marauder  
  80  10:13  Marine, SCV  
  84  10:17  SCV  
  84  10:21  Marine  
  86  10:24  Marauder  
  86  10:25  Marine  
  86  10:27  Medivac  
  91  10:31  Marine  
  91  10:34  Viking  
  91  10:35  Marine  
  94  10:38  Marine  
  96  10:43  Marine  
  96  10:46  Orbital Command  
  97  10:51  Marine  
  97  10:52  Marauder  
  97  10:53  Marine  
  97  10:56  Marine  
  102  11:00  Marine  
  103  11:10  Marauder  
  103  11:11  Marine  
  105  11:13  Marine, Siege Tank  
  105  11:14  Marine  
  105  11:16  Refinery  
  111  11:21  Supply Depot  
  111  11:27  Marine  
  111  11:29  Missile Turret  
  111  11:30  Marine  
  111  11:31  Marauder  
  115  11:34  Marine  
  115  11:35  Marauder  
  118  11:40  Supply Depot  
  118  11:43  Armory  
  118  11:45  Marine  
  119  11:49  Marine  
  120  11:54  Viking  
  120  11:55  Viking  
  120  11:57  Factory  
  120  12:00  Marine, Supply Depot  
  125  12:04  Marine x2  
  125  12:05  Marauder  
  125  12:06  Marine  
  130  12:10  Supply Depot  
  130  12:18  Marine  
  131  12:25  Marine  
  132  12:30  Marine  
  132  12:31  Marauder, Marine  
  132  12:33  Terran Infantry Weapons Level 2  
  132  12:34  Engineering Bay  
  132  12:35  Terran Ship Weapons Level 1  
  132  12:37  Marine  
  136  12:43  Marine, Supply Depot  
  138  12:48  Marine  
  138  12:49  Marauder  
  138  12:50  Factory Reactor  
  141  12:52  Marine  
  141  12:54  Marine  
  141  12:58  SCV  
  144  13:01  Marine  
  144  13:02  Viking  
  147  13:06  Marine  
  147  13:09  Supply Depot  
  147  13:10  Marauder, Marine  
  147  13:12  Marine  
  151  13:19  Marine  
  153  13:20  Widow Mine  
  153  13:24  Marine  
  156  13:28  Marauder  
  156  13:30  Marine  
  156  13:31  Marine  
  160  13:35  Supply Depot  
  160  13:36  Marine  
  160  13:38  Widow Mine x2  
  165  13:41  Widow Mine  
  165  13:42  Marine  
  165  13:48  Marine  
  169  13:49  Marauder, Marine  
  169  13:54  Marine  
  173  13:59  Marine  
  174  14:02  Siege Tank  
  174  14:04  Widow Mine x2  
  181  14:12  Supply Depot  
  181  14:23  Supply Depot  
  181  14:24  Supply Depot  
  181  14:26  Marauder  
  181  14:34  Marauder, Marine x3  
  186  14:47  Marine  
  186  14:52  Marine x3  
  186  14:56  Marauder  
  173  15:05  Marine  
  108  15:09  Marine x3  
Show
View Real Time Build Order
Export as new Build Order

Zharghar Protoss - Winner!

Build Orders: Oracle Opening 

Get SALT Encoding   

  12  0:01  Probe  
  13  0:13  Probe  
  14  0:17  Pylon  
  14  0:25  Probe  
  15  0:38  Gateway  
  15  0:41  Probe  
  16  0:53  Probe (Chrono Boost)  
  16  0:54  Assimilator  
  18  1:04  Probe (Chrono Boost)  
  18  1:09  Probe (Chrono Boost)  
  19  1:20  Probe  
  20  1:30  Zealot  
  22  1:37  Cybernetics Core  
  22  1:48  Probe  
  22  1:52  Assimilator  
  23  1:55  Pylon  
  23  2:07  Pylon  
  23  2:13  Zealot, Probe  
  23  2:15  Warp Gate  
  26  2:25  Probe  
  26  2:27  Nexus  
  26  2:40  Adept  
  28  2:50  Probe  
  29  2:55  Stargate  
  29  3:11  Gateway  
  29  3:14  Gateway  
  29  3:15  Gateway  
  29  3:19  Probe (Chrono Boost)  
  30  3:29  Probe (Chrono Boost)  
  30  3:30  Adept  
  33  3:40  Pylon  
  33  3:44  Probe x2  
  33  3:48  Oracle  
  38  3:56  Probe x2  
  38  4:02  Twilight Council  
  40  4:09  Probe x2 (Chrono Boost)  
  42  4:21  Stalker  
  42  4:22  Stalker  
  46  4:26  Probe x2 (Chrono Boost)  
  46  4:30  Assimilator  
  48  4:36  Oracle  
  51  4:50  Probe (Chrono Boost)  
  51  4:51  Probe (Chrono Boost)  
  55  5:00  Probe x2 (Chrono Boost)  
  55  5:05  Probe x2 (Chrono Boost)  
  56  5:08  Blink (Chrono Boost)  
  56  5:09  Stalker x2  
  61  5:24  Pylon  
  61  5:28  Pylon  
  61  5:31  Probe  
  62  5:42  Nexus, Probe  
  63  5:44  Pylon, Zealot x2  
  63  5:46  Pylon  
  67  5:56  Robotics Facility  
  67  5:58  Stalker  
  67  5:59  Stalker  
  71  6:06  Probe x2  
  73  6:16  Forge  
  73  6:18  Oracle  
  73  6:22  Stalker x2  
  73  6:25  Probe x2  
  82  6:37  Probe x2  
  84  6:46  Charge, Shield Battery  
  84  6:50  Shield Battery  
  84  6:52  Probe x2  
  84  6:54  Probe  
  87  6:57  Stalker x2  
  87  6:58  Stalker  
  93  7:04  Probe x2  
  93  7:06  Probe  
  93  7:08  Robotics Bay  
  96  7:17  Zealot  
  96  7:22  Templar Archives  
  98  7:32  Probe x3  
  101  7:47  Gateway  
  101  7:50  Assimilator  
  101  7:51  Gateway  
  101  7:53  Gateway  
  101  7:55  Gateway  
  101  7:58  Pylon  
  101  8:01  Zealot x4  
  109  8:12  Pylon  
  109  8:13  Extended Thermal Lance  
  109  8:19  Colossus  
  115  8:23  Zealot  
  117  8:28  Protoss Ground Weapons Level 1 (Chrono Boost)  
  117  8:36  Psionic Storm, Photon Cannon  
  117  8:40  Photon Cannon  
  92  9:04  Zealot x5  
  92  9:05  Zealot x3  
  74  9:25  Zealot x6  
  74  9:26  Zealot x2  
  84  9:40  Colossus  
  84  9:55  Stalker x3  
  84  9:56  Stalker x5  
  84  9:57  Nexus  
  84  9:59  Pylon  
  100  10:01  Pylon  
  100  10:12  Assimilator  
  101  10:14  Assimilator, Probe x3  
  101  10:20  Zealot x6  
  101  10:21  Zealot x2  
  119  10:26  Probe x3  
  122  10:33  Colossus  
  128  11:00  High Templar  
  128  11:01  High Templar x3  
  136  11:05  Zealot x2  
  140  11:13  Pylon  
  140  11:19  Pylon  
  140  11:20  Protoss Ground Weapons Level 2 (Chrono Boost)  
  140  11:22  Shield Battery  
  140  11:24  Pylon  
  140  11:26  Shield Battery  
  140  11:28  Photon Cannon  
  140  11:35  Forge  
  140  11:43  Immortal (Chrono Boost)  
  144  11:48  High Templar x2  
  144  11:49  High Templar  
  144  11:53  Archon  
  150  11:54  Archon  
  150  12:02  Zealot x5  
  160  12:12  Protoss Ground Armor Level 1 (Chrono Boost)  
  160  12:13  Pylon  
  160  12:16  Pylon  
  160  12:18  Immortal (Chrono Boost)  
  160  12:20  Pylon  
  164  12:25  High Templar x3  
  164  12:26  Pylon  
  170  12:30  Archon  
  170  12:31  Archon  
  170  12:51  Warp Prism  
  172  12:58  High Templar x2  
  172  12:59  High Templar x2  
  172  13:03  Assimilator  
  180  13:05  Assimilator  
  180  13:27  Observer  
  179  13:49  Observer  
  179  13:51  Gravitic Boosters  
  180  14:25  Zealot x4  
  180  14:26  Zealot x4  
  194  14:31  Pylon  
  133  15:11  Stalker x4  
  133  15:12  Stalker x4  
  117  15:19  Archon  
  117  15:20  Archon  
  111  15:35  Gateway x2  
  105  15:38  Gateway  
Tags
 
Add a new tag
Caveats
  • Supply blocks, unpowered buildings, or Contaminate may cause inaccurate times.
  • Supply counts are checked every 10 seconds.